Map: Ever Dream LE

Players

Lambo - Winner!

  • Race: Zerg Zerg
  • League: Grandmaster
  • Spawn Location: 1:00

Rail

  • Race: Protoss Protoss
  • League: Grandmaster
  • Spawn Location: 7:00

Event: DreamHack SC2 Masters 2020 Summer Europe

VOD

Have the link to the VOD?

Description

Time

  • Played on: June 24, 2020, 10:14 a.m.
  • Length: 7:51

All games in this series

Show
View Real Time Build Order
Export as new Build Order

Lambo Zerg - Winner!

Build Orders: Hatch First 

Get SALT Encoding   

  12  0:00  Drone  
  13  0:12  Overlord  
  13  0:16  Drone  
  14  0:31  Drone x2  
  16  0:47  Hatchery  
  15  0:50  Drone  
  15  0:54  Drone  
  17  0:58  Drone  
  18  1:08  Extractor  
  17  1:13  Spawning Pool  
  17  1:15  Drone  
  17  1:19  Drone  
  18  1:28  Drone  
  19  1:39  Drone  
  20  1:51  Drone  
  21  1:59  Queen x2  
  21  2:00  Overlord, Zergling x2  
  26  2:10  Zergling x2  
  26  2:11  Drone  
  28  2:22  Drone x2  
  30  2:28  Hatchery  
  29  2:34  Drone  
  29  2:35  Pneumatized Carapace  
  30  2:41  Drone  
  31  2:45  Drone  
  31  2:46  Overlord  
  32  2:52  Queen  
  32  2:55  Drone  
  32  2:58  Drone  
  36  3:08  Drone x2  
  36  3:10  Drone, Overlord  
  39  3:13  Drone  
  39  3:19  Metabolic Boost  
  40  3:21  Overlord  
  40  3:23  Drone  
  40  3:25  Drone  
  42  3:28  Queen  
  42  3:31  Drone  
  45  3:39  Drone x2  
  47  3:42  Drone x2  
  47  3:43  Queen  
  47  3:46  Overlord  
  51  3:50  Drone, Zergling x2  
  51  3:54  Zergling x2  
  54  3:55  Overlord  
  54  3:59  Drone x2  
  54  4:00  Drone  
  57  4:04  Drone  
  57  4:05  Drone  
  57  4:07  Drone  
  60  4:12  Drone x2  
  60  4:13  Roach Warren  
  60  4:14  Overlord  
  62  4:17  Drone  
  62  4:20  Extractor  
  62  4:21  Extractor  
  62  4:22  Drone x3  
  63  4:25  Overlord  
  63  4:27  Drone x2  
  63  4:30  Zergling x2  
  66  4:33  Lair  
  66  4:34  Zergling x2  
  66  4:35  Drone  
  66  4:37  Drone  
  66  4:38  Drone  
  70  4:40  Overlord  
  70  4:43  Drone  
  70  4:44  Drone x2  
  70  4:45  Drone  
  74  4:48  Drone x2  
  74  4:50  Overlord  
  76  4:58  Drone x2  
  76  4:59  Drone  
  79  5:00  Extractor  
  79  5:01  Drone x2, Extractor  
  79  5:12  Drone x2  
  83  5:14  Roach  
  83  5:15  Extractor  
  83  5:17  Roach x4  
  83  5:18  Roach x2  
  94  5:32  Drone x7  
  94  5:34  Drone x2  
  99  5:49  Overlord  
  99  5:50  Glial Reconstitution  
  99  5:51  Roach x3  
  99  5:52  Ravager x2  
  99  5:54  Hatchery  
  99  5:55  Evolution Chamber  
  105  5:57  Overlord  
  105  5:59  Roach x2  
  105  6:00  Roach x2  
  113  6:04  Overlord  
  113  6:06  Overlord x2  
  113  6:07  Overlord  
  113  6:08  Overlord  
  113  6:09  Overlord  
  113  6:11  Overlord  
  113  6:14  Hatchery  
  113  6:15  Overlord  
  113  6:16  Overlord  
  113  6:19  Roach  
  113  6:24  Drone, Baneling Nest  
  115  6:27  Roach x3  
  115  6:29  Overseer  
  121  6:34  Roach x3, Zergling x2  
  121  6:37  Roach  
  131  6:40  Roach x5  
  131  6:42  Ravager  
  131  6:44  Ravager x5  
  131  6:45  Roach  
  148  6:49  Roach  
  148  6:52  Zergling x10  
  148  6:54  Ravager  
  156  7:01  Roach x2  
  157  7:05  Roach x4  
  157  7:08  Ravager  
  155  7:09  Zergling x6  
  155  7:11  Queen  
  155  7:12  Zergling x2  
  157  7:16  Zergling x4  
  157  7:21  Roach x3  
  154  7:28  Roach x3  
  152  7:32  Roach x3  
Show
View Real Time Build Order
Export as new Build Order

Rail Protoss 

Build Orders: 1 Gate Expand 

Get SALT Encoding   

  12  0:01  Probe  
  13  0:13  Probe  
  14  0:18  Pylon  
  14  0:25  Probe  
  15  0:33  Probe  
  15  0:37  Gateway  
  15  0:42  Probe  
  16  0:47  Assimilator  
  17  0:51  Probe  
  18  1:03  Probe  
  19  1:15  Probe  
  20  1:26  Nexus  
  20  1:36  Cybernetics Core  
  20  1:37  Probe  
  21  1:41  Assimilator  
  21  1:49  Probe  
  21  1:54  Pylon  
  22  2:01  Probe  
  23  2:14  Probe  
  23  2:15  Robotics Facility  
  24  2:17  Adept  
  24  2:22  Warp Gate, Probe  
  27  2:30  Probe  
  27  2:34  Probe  
  28  2:40  Probe  
  28  2:42  Probe  
  30  2:47  Stalker  
  30  2:49  Probe  
  33  2:52  Probe  
  33  2:57  Probe  
  35  2:59  Observer  
  35  3:04  Probe, Pylon  
  38  3:12  Probe  
  38  3:14  Immortal  
  38  3:17  Probe  
  40  3:24  Probe  
  45  3:29  Pylon  
  45  3:30  Probe  
  46  3:35  Robotics Bay  
  46  3:37  Probe  
  47  3:41  Assimilator  
  47  3:45  Probe  
  48  3:49  Probe  
  48  3:50  Warp Prism  
  48  3:53  Pylon  
  51  3:58  Gateway  
  51  4:01  Probe  
  52  4:03  Gateway, Probe  
  52  4:05  Gravitic Drive  
  52  4:08  Assimilator  
  53  4:11  Gateway  
  53  4:14  Probe  
  54  4:18  Disruptor  
  54  4:21  Probe  
  55  4:28  Probe, Pylon  
  59  4:38  Zealot  
  59  4:43  Pylon  
  61  4:52  Probe x2  
  63  4:53  Nexus  
  63  4:57  Sentry  
  65  5:00  Immortal  
  65  5:06  Pylon  
  69  5:07  Probe  
  69  5:09  Probe  
  69  5:12  Sentry x2  
  75  5:19  Probe  
  76  5:25  Probe  
  77  5:29  Immortal  
  77  5:31  Probe  
  75  5:37  Probe  
  80  5:42  Gateway  
  80  5:43  Gateway  
  80  5:46  Sentry x3  
  80  5:47  Sentry  
  88  5:50  Gateway  
  88  5:53  Gateway  
  88  5:56  Probe  
  89  6:00  Pylon  
  89  6:01  Probe, Pylon  
  90  6:06  Probe  
  90  6:08  Probe  
  92  6:12  Stalker x2  
  92  6:16  Stalker  
  98  6:25  Stalker  
  100  6:27  Pylon  
  100  6:29  Pylon  
  101  6:37  Stalker  
  101  6:38  Stalker x3  
  108  6:40  Stalker  
  108  6:44  Stalker  
  112  6:49  Stalker  
  112  6:50  Stalker  
  104  7:08  Stalker  
  104  7:09  Stalker x5  
Tags
 
Add a new tag
Caveats
  • Supply blocks, unpowered buildings, or Contaminate may cause inaccurate times.
  • Supply counts are checked every 10 seconds.